 BcadrenCrawl: Boulder Brew version 0.05.21-20-g362d93150f (webtiles) character file.

Game seed: 11710082817456345067, levelgen mode: deterministic

4559 Lanoc the Fighter (level 10, -2/96 HPs) Silver Draconian Demonspawn. Began on July 7, 2021. Was a Follower of Bahamut & Tiamat. Killed by divine providence ... invoked by an orc priest (15 damage) ... on level 4 of the Dungeon. The game lasted 00:24:42 (4595 turns).

Lanoc the Fighter (Silver Draconian Demonspawn)     Turns: 4595, Time: 00:24:43

Health: -2/96      AC: 27    Str: 20    XL:     10 ^: 4459
Magic:  12/12      EV: 16    Int: 12    God:    Bahamut & Tiamat [1* [37]]
Gold:   348        SH:  1    Dex: 13    Spells: 10/11 levels left

rFire    . . .     Vision   .   e - +6 staff of the Demagogue {chaos, earth; rC++ AC+5 Str+2}
rCold    + + +     Gourm    .   p - +0 buckler
rNeg     . . .     Faith    .   (armour unavailable)
rCorr    . . .     Spirit   .   (helmet restricted)
rPois    .         Reflect  .   (no cloak)
rElec    .         Harm     .   (no gloves)
MR       .....                  (boots unavailable)
Stlth    ++........             (no amulet)
HPRegen  0.42/turn              (no ring)
MPRegen  0.22/turn              (no ring)

@: short of breath, hasted, very quick
A: talons, cold resistance 1, deformed body 2, icemail, spiny 1, cold-blooded,
freezing cloud immunity, boosted whips and flails aptitude, earth enhancer 1,
AC++, rMut, AC +12
a: Breathe Silver Splinters, Renounce Religion


You were on level 4 of the Dungeon.
You worshipped Bahamut & Tiamat.
Bahamut & Tiamat was aware of your devotion.
You were not hungry.

You visited 1 branch of the dungeon, and saw 4 of its levels.

You collected 348 gold pieces.

Inventory:

Shields
 f - a +0 targe
 p - a +0 buckler (shield)
Magical Staves
 e - the +6 staff of the Demagogue (weapon) {chaos, earth; rC++ AC+5 Str+2}
   (You acquired it on level 1 of the Dungeon)

   [staff of earth]

   Base accuracy: +5 Base damage: 5 Base attack delay: 1.2 This weapon's minimum
   attack delay (0.6) is reached at skill level 12.
   Spells enhanced by this staff find their maximum damage significantly
   boosted, but their damage type scrambled completely randomly.
   Additionally they have random effects on those damaged by their magic,
   including debilitating hexes and powerful charms.
   It falls into the 'Staves' category.
   It is one handed.
   Its enchantment grants additive spellpower to the spells it enhances.
Jewellery
 n - an uncursed ring of magical power
 r - a cursed amulet of chaos {(Curse: *Drain)}
Wands
 o - a wand of clouds (9)
 q - a wand of polymorph (18)
 u - a wand of hasting (4)
Scrolls
 g - 2 scrolls of magic mapping
 j - 4 scrolls of enchantment
 l - 3 scrolls of teleportation
Potions
 a - a potion of curing
 b - a potion of amnesia
 d - a potion of agility
 h - a potion of haste
 i - a potion of invisibility
 k - 2 potions of might
 m - a potion of cure mutation
 s - 2 potions of lignification
 t - a potion of cancellation
Comestibles
 c - 9 rations


   Skills:
 + Level 11.4 Fighting
   Level 1.5 Long Blades
 + Level 8.5 Dodging
 - Level 1.3 Stealth
 - Level 1.3 Spellcasting
 - Level 1.5 Fire Magic
 - Level 3.0 Invocations


You had 10 spell levels left.
You knew the following spells:

 Your Spells              Type           Power        Failure   Level  Hunger
a - Flame Tongue          Fire           4 (30)       26%         1    ##.....

Your spell library contained the following spells:

 Spells                   Type           Power        Failure   Level  Hunger
 Blink                    Tloc           N/A          58%         2    ###....
 Call Imp                 Summ           0 (100)      58%         2    ###....
 Slow                     Hex            0 (100)      58%         2    ###....
 Conjure Flame            Fire           4 (100)      61%         3    ####...
 Mephitic Cloud           Pois/Air       0 (100)      82%         3    ####...


Dungeon Overview and Level Annotations

Branches:
Dungeon (4/8)
 Temple: D:4

Altars:
Bahamut & Tiamat
Uskayaw
Zin


Innate Abilities, Weirdness & Mutations

Your gleaming silver scales are resilient. (AC +12)
You can breathe silver splinters, which deal bonus damage to chaotic creatures.
You have razor-sharp talons for feet.
You are cold resistant. (rC+)
You cannot wear any armour on your peculiar form.
A meltable icy envelope protects you from harm. (AC +10)
You are partially covered in sharp spines.
You are cold-blooded and are slowed more easily by cold attacks.
You are immune to freezing clouds.
You are naturally skilled at Whips & Flails (Aptitude +3).
You are in touch with the powers of the earth.
Your gleaming silver scales boost your physical defenses and make you resistant to mutation. (AC++, rMut)


Message History

The orc priest mumbles some strange prayers to Beogh against you.
Beogh smites you!
* * * LOW HITPOINT WARNING * * *
Tiamat extends your haste.
You hit the orc priest but do no damage.
You claw the orc priest (5).
The orc priest is moderately wounded. (9/14) HP The orc priest calls down the wrath of Beogh upon you.
You struggle to resist.
The orc priest calls upon Beogh to heal the orc priest.
The orc priest's wounds heal themselves!
The orc priest barely misses you (0).
Found a stone staircase leading up.
You see here a +0 whip.
You hit the orc priest but do no damage.
You tail-slap the orc priest, but do no damage.
The orc priest is healthy. (14/14) HP The orc priest invokes the aid of Beogh against you.
Beogh smites you!
You die...

...... ...... ##
#...... ..
....... . .oo...<
#. ##.......
#.#######.o......
#.....††)@#
###...##### ..
#..†#.#
#..###)###.#
#.....# #.##
#####†###..#
##††###.##
#.†.)†...#
#...####...## .#


You could see 3 orc priests.

Vanquished Creatures
  Menkaure (D:2)
  2 slime creatures (D:2)
  Purgy (D:2)
  A water moccasin (D:2)
  An ice beast (D:4)
  A sky beast (D:4)
  3 crocodiles (D:2)
  7 big kobolds
  11 bullfrogs
  A centaur (D:2)
  2 howler monkeys (D:4)
  2 killer bees (D:4)
  A crimson imp (D:3)
  4 hounds
  3 orc priests
  12 jellies
  2 orc wizards (D:4)
  A gnoll shaman (D:2)
  An iguana (D:4)
  A mummy (D:1)
  5 worker ants
  A wyvern skeleton (D:4)
  7 giant cockroaches
  2 bullfrog zombies (D:4)
  3 bullfrog skeletons (D:4)
  9 adders
  3 gnolls (D:3)
  77 sewer rats (D:2)
  6 worms (D:2)
  8 cinder newts
  A worker ant zombie (D:3)
  13 oozes
  2 dart slugs (D:1)
  4 leopard geckos
  10 orcs
  An adder skeleton (D:2)
  2 cinder newt skeletons (D:2)
  4 goblins (D:1)
  5 hobgoblins (D:1)
  3 ball pythons
  8 bats
  A bat skeleton (D:2)
  2 hobgoblin zombies (D:1)
  19 kobolds
  A kobold zombie (D:1)
  An orc zombie (D:1)
  2 rats (D:1)
  A plant (D:1)
259 creatures vanquished.

Vanquished Creatures (others)
  A crocodile (D:2)
  A bullfrog (D:2)
  A jelly (D:2)
  4 giant cockroaches (D:2)
  2 sewer rats (D:2)
  2 worms (D:2)
  A leopard gecko (D:2)
  3 ball pythons (D:2)
  A bat (D:2)
  A goblin skeleton (D:2)
  6 kobolds (D:2)
  A giant blowfly (D:2)
  9 slimeheads (D:2)
  123 withered plants (D:2)
156 creatures vanquished.

Grand Total: 415 creatures vanquished

Notes
Turn   | Place    | Note
-------+----------+-------------------------------------------
     0 | D:1      | Lanoc the Immature Draconian Demonspawn began the quest for
                  | the Orb.
     0 | D:1      | Reached XP level 1. HP: 16/16 MP: 3/3
    56 | D:1      | Reached skill level 2 in Fighting
    56 | D:1      | Gained mutation: You are partially covered in sharp spines.
                  | [demonic ancestry]
    56 | D:1      | Reached XP level 2. HP: 23/24 MP: 4/4
   132 | D:1      | Gained mutation: You have razor-sharp talons for feet.
                  | [demonic ancestry]
   132 | D:1      | Reached XP level 3. HP: 28/30 MP: 5/5
   226 | D:1      | Identified a scroll of acquirement
   237 | D:1      | Reached skill level 3 in Fighting
   244 | D:1      | Identified the +6 staff of the Demagogue {chaos, earth;
                  | rC++ AC+5 Str+2} (You acquired it on level 1 of the
                  | Dungeon)
   421 | D:1      | Gained mutation: You are cold resistant. (rC+) [demonic
                  | ancestry]
   421 | D:1      | Reached XP level 4. HP: 38/38 MP: 6/6
   906 | D:2      | Reached skill level 4 in Fighting
   906 | D:2      | Reached XP level 5. HP: 44/46 MP: 7/7
  1051 | D:2      | Reached XP level 6. HP: 20/53 MP: 5/8
  1163 | D:2      | Reached skill level 5 in Fighting
  1177 | D:2      | Noticed Purgy
  1218 | D:2      | Killed Purgy
  1218 | D:2      | Reached skill level 6 in Fighting
  1218 | D:2      | Your scales start taking on a gleaming silver colour.
  1218 | D:2      | Reached XP level 7. HP: 42/63 MP: 4/9
  1218 | D:2      | Gained mutation: You are immune to freezing clouds.
                  | [demonic ancestry]
  1218 | D:2      | Gained mutation: Your gleaming silver scales boost your
                  | physical defenses and make you resistant to mutation.
                  | (AC++, rMut) [Silver Draconian growth]
  1218 | D:2      | Gained mutation: You are in touch with the powers of the
                  | earth. [Silver Draconian growth]
  1304 | D:2      | Reached skill level 5 in Dodging
  1339 | D:2      | Reached skill level 7 in Fighting
  1391 | D:2      | Reached XP level 8. HP: 66/73 MP: 5/10
  1569 | D:2      | Reached skill level 8 in Fighting
  1714 | D:2      | Identified the +3 ring mail "Deuran" {+Vis}
  1996 | D:2      | Found a glowing silver altar of Zin.
  2048 | D:2      | Reached skill level 9 in Fighting
  2140 | D:2      | Gained mutation: A meltable icy envelope protects you from
                  | harm. (AC +10) [demonic ancestry]
  2140 | D:2      | Reached XP level 9. HP: 79/83 MP: 11/11
  2468 | D:2      | Reached skill level 10 in Fighting
  2606 | D:2      | Identified the cursed ring "Ymnytuc" {MR+ Int+5, (Curse:
                  | rF-)}
  2944 | D:2      | Noticed Menkaure
  2949 | D:2      | Killed Menkaure
  3761 | D:3      | Found a hide-covered altar of Uskayaw.
  4312 | D:4      | Found an ornate altar of Bahamut and Tiamat.
  4352 | D:4      | Became a worshipper of Bahamut & Tiamat
  4401 | D:4      | Noticed a kobold demonologist
  4424 | D:4      | Noticed a sun demon
  4428 | D:4      | Reached skill level 11 in Fighting
  4478 | D:4      | Gained mutation: You are naturally skilled at Whips &
                  | Flails (Aptitude +3). [draconic bloodline]
  4478 | D:4      | Reached XP level 10. HP: 94/95 MP: 12/12
  4538 | D:4      | Reached * piety under Bahamut & Tiamat
  4595 | D:4      | Killed from afar by an orc priest

Levels and vault maps discovered:
D:1:      dpeg_arrival_oval, layout_basic, serial_forest,
          infiniplex_forest_lined_ring, infiniplex_forest_clump_long,
          infiniplex_forest_clump_long, infiniplex_forest_3_way,
          minmay_mini_ossuary
D:2:      layout_sewer, overflow_temple_1_default, minitemple,
          bcadren_sewer_center_circle, first_ration, minmay_misc_feat_cross,
          chequers_serial_rivers_room_b, item_on_display_merged, uniq_purgy,
          uniq_menkaure
D:3:      layout_loops_corners, kennysheep_little_box
D:4:      layout_rooms, lemuel_temple_firewalk_b, basic_altar, special_room
          [special_room_kobold], david_nohive_1

Skill      XL: |  1  2  3  4  5  6  7  8  9 |
---------------+----------------------------+-----
Fighting       | 2 3 4 6 7 9 11 | 11.4
Dodging        | 3 4 5 6 8 |  8.5
Long Blades    | |  1.5
Stealth        | |  1.3
Spellcasting   | |  1.3
Fire Magic     | |  1.5
Invocations    | |  3.0

Action                   |  1- 3 |  4- 6 |  7- 9 | 10-12 || total
-------------------------+-------+-------+-------+-------++-------
Melee: Long sword        |    19 |       |       |       ||    19
       Unarmed           |    24 |   133 |   384 |       ||   541
       Peck              |     4 |    19 |   110 |    18 ||   151
       Staff             |    18 |   153 |   588 |    83 ||   842
       Kick              |     9 |    35 |   233 |    41 ||   318
 Cast: Flame Tongue      |       |    22 |    64 |       ||    86
Invok: Choose Tiamat's R |       |       |     1 |       ||     1
 Abil: Breathe Silver Sp |       |       |    26 |     3 ||    29
  Use: Scroll            |     1 |       |     3 |       ||     4
       Potion            |       |     1 |       |     4 ||     5
 Stab: Sleeping          |     1 |     2 |       |       ||     3
  Eat: Ration            |       |     1 |     2 |       ||     3
       Chunk             |       |       |    14 |     1 ||    15
Armor: Skin              |     8 |    79 |   358 |    40 ||   485
Dodge: Dodged            |    22 |   211 |  1040 |    85 ||  1358
Block: Buckler           |       |       |     2 |     1 ||     3
       Rpst.: Long sword |     7 |       |       |       ||     7
